 Dungeon Crawl Stone Soup version 0.19-a0-1068-g99dd0f4 (webtiles) character file.

1547 whomadewhat the Ducker (level 8, -6/79 HPs)
             Began as a Troll Monk on Aug 5, 2016.
             Was a Priest of Okawaru.
             Mangled by an orc warrior
             ... wielding a +0 halberd
              (18 damage)
             ... on level 6 of the Dungeon.
             The game lasted 00:20:11 (5476 turns).

whomadewhat the Ducker (Troll Monk)                 Turns: 5476, Time: 00:20:11

Health: -6/79      AC:  5    Str: 20    XL:     8   Next: 57%
Magic:  5/7        EV: 17    Int:  6    God:    Okawaru [***...]
Gold:   61         SH:  0    Dex: 14    Spells: 0 memorised, 7 levels left

rFire  . . .     SeeInvis .       - Unarmed
rCold  . . .     Gourm    +     a - +0 robe
rNeg   . . .     Faith    .     (no shield)
rPois  .         Spirit   .     (helmet restricted)
rElec  .         Dismiss  .     (no cloak)
rCorr  .         Reflect  .     (gloves unavailable)
SustAt .         Harm     .     (boots unavailable)
MR     .....                    (no amulet)
Stlth  +++.......               (no ring)
                                (no ring)

@: heroism
A: unfitting armour, claws 3, fast metabolism 3, gourmand, regeneration 2,
shaggy fur 1, tough skin 2
a: Heroism, Renounce Religion


You were on level 6 of the Dungeon.
You worshipped Okawaru.
Okawaru was most pleased with you.
You were not hungry.

You visited 1 branch of the dungeon, and saw 6 of its levels.

You collected 255 gold pieces.
You spent 194 gold pieces at shops.

Inventory:

Hand Weapons
 s - a +0 flail
Armour
 a - a +0 robe (worn)
Jewellery
 c - an uncursed ring of protection from cold {unknown}
 d - a +3 ring of dexterity {unknown}
 e - an uncursed ring of protection from fire {unknown}
Wands
 w - a wand of lightning (8/15)
 A - a wand of flame (24/48)
 B - a wand of flame (32/48)
Scrolls
 b - 4 scrolls of remove curse
 f - 2 scrolls of identify
 g - 3 scrolls of noise
 j - a scroll of recharging
 k - 2 scrolls of enchant armour
 m - 2 scrolls of enchant weapon
 q - 2 scrolls of immolation
 u - a scroll of fear
 x - 2 scrolls of magic mapping
 y - 2 scrolls of random uselessness
Potions
 h - 2 potions of magic
 l - a potion of resistance {unknown}
 o - 2 potions of curing
 r - 4 potions of cancellation
 v - a potion of degeneration {unknown}
 z - 2 potions of cure mutation {unknown}
 D - 2 potions of haste {unknown}
Books
 C - a book of Frost

   Spells                             Type                      Level
   a - Freeze                         Ice                          1
   b - Throw Frost                    Conjuration/Ice              2
   c - Ozocubu's Armour               Charms/Ice                   3
   d - Throw Icicle                   Conjuration/Ice              4
   e - Summon Ice Beast               Ice/Summoning                4
Comestibles
 i - 3 bread rations
 n - 2 meat rations
 p - 2 beef jerkies
 t - 3 fruits


   Skills:
 + Level 4.6(9.6) Fighting
 + Level 6.3(11.3) Dodging
 + Level 2.7(7.7) Stealth
 + Level 6.0(11.0) Unarmed Combat
 + Level 1.0 Invocations


You had 7 spell levels left.
You didn't know any spells.

Dungeon Overview and Level Annotations

Branches:
Dungeon (6/15)             Temple (0/1) D:4

Altars:
Dithmenos
Gozag
Okawaru
Pakellas
Qazlal
Trog
Vehumet
Zin

Shops:
D:5 *


Innate Abilities, Weirdness & Mutations

You are too large for most types of armour.
You have claws for hands.
Your metabolism is lightning-fast.
You like to eat raw meat.
You heal very quickly.
You are covered in fur. (AC +1)
You have very tough skin. (AC +2)


Message History

The silver tomahawk hits you but does no damage.
You see here a silver tomahawk.
The orc warrior hits you from afar with a halberd!
The orc priest mumbles some strange prayers to Beogh against you.
Pain shoots through your body!
There is an open door here.
The orc priest invokes the aid of Beogh against you.
Beogh smites you!
* * * LOW HITPOINT WARNING * * *
You gain the combat prowess of a mighty hero.
The orc warrior hits you from afar with a halberd!
* * * LOW HITPOINT WARNING * * *
You mangle the orc!!
You kill the orc!
Okawaru accepts your kill. The orc priest hits you with a whip.
* * * LOW HITPOINT WARNING * * *
You scratch the orc priest but do no damage.
The orc warrior hits you from afar with a halberd!!
You die...

#.....# +.....# .....
#.....# ....
#.....###+##'###### #.
#.................. #..
#..................
#...#..................
#...#..................
#...#o@................
##...##)#############'##
#......o..# #....#
#.......(.# #....#
+.........# #....#
##...((..## ####'#
#.......# ##...#
................ #....#
................ #....'


You could see an orc warrior and an orc priest.

Vanquished Creatures
  The ghost of whomadewhat the Chopper, a novice MiBe of Trog (D:6)
  Grinder (D:3)
  An ice beast (D:5)
  2 sky beasts (D:6)
  An ogre (D:6)
  A giant frog (D:6)
  A howler monkey (D:6)
  A crimson imp (D:5)
  2 hounds (D:5)
  A jelly (D:6)
  3 orc priests (D:4)
  A giant frog skeleton (D:6)
  An orc wizard (D:4)
  An iguana (D:4)
  3 worker ants (D:4)
  A worker ant zombie (D:6)
  9 adders
  An ooze (D:4)
  2 adder skeletons
  5 worms
  A dart slug (D:1)
  9 giant geckos
  8 orcs
  9 giant cockroaches
  7 goblins
  3 hobgoblins
  A quokka (D:5)
  A ball python (D:3)
  9 bats
  7 giant newts
  3 kobolds
  4 rats
  10 bushes (D:1)
  2 plants (D:1)
113 creatures vanquished.

Notes
Turn   | Place    | Note
-------+----------+-------------------------------------------
     0 | D:1      | whomadewhat the Troll Monk began the quest for the Orb.
     0 | D:1      | Reached XP level 1. HP: 22/22 MP: 0/0
   290 | D:1      | Reached XP level 2. HP: 28/29 MP: 1/1
  1827 | D:2      | Reached XP level 3. HP: 28/36 MP: 2/2
  1863 | D:2      | Found a shadowy altar of Dithmenos.
  2589 | D:3      | Found an iron altar of Okawaru.
  2597 | D:3      | Became a worshipper of Warmaster Okawaru
  2597 | D:3      | Reached * piety under Okawaru
  2597 | D:3      | Reached ** piety under Okawaru
  2624 | D:3      | Reached XP level 4. HP: 39/44 MP: 0/3
  2798 | D:3      | Found an oddly glowing altar of Pakellas.
  2834 | D:3      | Noticed Grinder
  2845 | D:3      | Paralysed by Grinder for 7 turns
  2871 | D:3      | Killed Grinder
  2871 | D:3      | Reached XP level 5. HP: 30/53 MP: 4/4
  2871 | D:3      | Reached XP level 6. HP: 35/61 MP: 5/5
  2882 | D:3      | Found a bloodstained altar of Trog.
  2988 | D:3      | Found a glowing drain.
  3287 | D:3      | Found a stormy altar of Qazlal.
  3294 | D:3      | Reached *** piety under Okawaru
  3900 | D:4      | Reached skill level 5 in Dodging
  3900 | D:4      | Reached XP level 7. HP: 40/67 MP: 3/6
  3946 | D:4      | Found a staircase to the Ecumenical Temple.
  4052 | D:4      | Found an opulent altar of Gozag.
  4213 | D:5      | Entered Level 5 of the Dungeon
  4275 | D:5      | Found Zin's Purification Station.
  4277 | D:5      | Found a glowing silver altar of Zin.
  4283 | D:5      | Bought a potion of curing for 90 gold pieces
  4919 | D:5      | Found Inoihuaguh's General Store.
  4933 | D:5      | Bought a scroll of enchant armour for 82 gold pieces
  4933 | D:5      | Bought a scroll of identify for 22 gold pieces
  5155 | D:6      | Reached skill level 5 in Unarmed Combat
  5273 | D:6      | Found a radiant altar of Vehumet.
  5284 | D:6      | Reached XP level 8. HP: 61/78 MP: 4/7
  5331 | D:6      | Noticed whomadewhat's ghost (novice MiBe)
  5368 | D:6      | Killed whomadewhat's ghost
  5368 | D:6      | Reached **** piety under Okawaru
  5368 | D:6      | Reached skill level 1 in Invocations
  5476 | D:6      | Mangled by an orc warrior

Vault maps used:
D:1:      sevenhm_arrival_forest_fort_large_4, serial_forest,
          infiniplex_forest_end_3, infiniplex_forest_end_double,
          infiniplex_forest_pool, infiniplex_forest_end_2,
          infiniplex_forest_lined_3, infiniplex_forest_lined_corner,
          infiniplex_forest_straight_1, minmay_misc_feat_square,
          minmay_misc_feat_pillars, minmay_crystal_room, serial_bayou_crossing
D:2:      nicolae_overflow_crystal_walls
D:3:      lemuel_coloured_pillars_altar, bloody_trog, old_standard_altar,
          lemuel_round_altar, gup_sewer_entry_pipe, uniq_grinder
D:4:      marbit_many_paths, minmay_misc_feat_hallway, nrook_mini_backslash
D:5:      zin_purify, serial_shops, shop_fountains, first_bread
D:6:      vehumet_crystals

Skill      XL: |  1  2  3  4  5  6  7  8 |
---------------+-------------------------+-----
Dodging        | 3 4 5 6 |  6.3
Fighting       | 3 4 |  4.6
Unarmed Combat | 4 5 6 |  6.0
Stealth        | 2 |  2.7
Invocations    | 1 |  1.0

Action                   |  1- 3 |  4- 6 |  7- 9 || total
-------------------------+-------+-------+-------++-------
Melee: Unarmed           |   610 |   142 |   103 ||   855
       Punch             |    22 |     3 |     4 ||    29
Invok: Heroism           |     1 |     6 |     7 ||    14
  Use: Scroll            |       |       |    10 ||    10
 Stab: Sleeping          |     1 |       |     2 ||     3
  Eat: Chunk             |    13 |     3 |     3 ||    19
       Bread ration      |     3 |       |     1 ||     4
       Fruit             |       |     2 |       ||     2
       Meat ration       |       |     1 |     1 ||     2
Armor: Robe              |    85 |    46 |    23 ||   154
Dodge: Dodged            |    99 |   130 |    64 ||   293
